3102 views
Uploaded 2020-04-08 14:39:02
Game version 1.32.3
27:23 long 3on3 ladder game on (6)RuinsOfStratholme
Saved by BEARAND
3102 views
Uploaded 2020-04-08 14:39:02
Game version 1.32.3
27:23 long 3on3 ladder game on (6)RuinsOfStratholme


77 units @ 8.1k
/ 0.5k
211 buildings @ 11.4k
/ 5.7k



| Scroll of Regeneration | 2 | 200 |
| Potion of Healing | 2 | 300 |
| Potion of Mana | 1 | 200 |
| Staff of Sanctuary | 3 | 750 |
| Boots of Speed | 3 | 750 |
| Staff of Teleportation | 5 | 750 |
| Periapt of Vitality | 1 | 325 |
| Circlet of Nobility | 1 | 175 |
| Orb of Corruption | 2 | 750 |
| total: | 20 | 4200g |
| Peasant | 16 | 1200 | / | 0 |
| Priest | 1 | 135 | / | 10 |
| Dragonhawk Rider | 7 | 1400 | / | 210 |
| total: | 24 | 2735g | / | 220w |
| Scout Tower | 98 | 2940 | / | 1960 |
| Arcane Tower | 13 | 910 | / | 650 |
| Guard Tower | 43 | 3010 | / | 2150 |
| Altar of Kings | 1 | 180 | / | 50 |
| Farm | 5 | 400 | / | 100 |
| Lumber Mill | 1 | 120 | / | 0 |
| Town Hall | 1 | 385 | / | 205 |
| Arcane Vault | 3 | 390 | / | 90 |
| Blacksmith | 1 | 140 | / | 60 |
| Barracks | 1 | 160 | / | 60 |
| Arcane Sanctum | 1 | 150 | / | 140 |
| Gryphon Aviary | 1 | 140 | / | 150 |
| Keep | 1 | 320 | / | 210 |
| Castle | 2 | 720 | / | 420 |
| total: | 113 | 5005g | / | 2815w |
| 0:02 | Peasant |
| 0:03 | Peasant |
| 0:07 | Altar of Kings |
| 0:08 | Peasant |
| 0:19 | Farm |
| 0:20 | Peasant |
| 0:34 | Peasant |
| 0:45 | Peasant |
| 0:49 | Lumber Mill |
| 0:51 | Scout Tower |
| 1:14 | Peasant |
| 1:28 | Scout Tower |
| 1:29 | Scout Tower |
| 1:30 | Peasant |
| 1:34 | Farm |
| 1:40 | Arcane Tower |
| 1:43 | Peasant |
| 1:50 | Peasant |
| 2:10 | Scout Tower |
| 2:10 | Peasant |
| 2:13 | Blizzard |
| 2:19 | Arcane Tower |
| 2:21 | Scout Tower |
| 2:46 | Guard Tower |
| 2:47 | Scout Tower |
| 2:48 | Scout Tower |
| 2:50 | Guard Tower |
| 2:52 | Scout Tower |
| 2:53 | Scout Tower |
| 2:57 | Scout Tower |
| 3:15 | Brilliance Aura |
| 3:19 | Improved Masonry |
| 3:21 | Keep |
| 3:21 | Guard Tower |
| 3:31 | Farm |
| 3:34 | Farm |
| 3:37 | Guard Tower |
| 3:40 | Guard Tower |
| 4:02 | Boots of Speed |
| 4:02 | Staff of Teleportation |
| 4:17 | Scout Tower |
| 4:19 | Scout Tower |
| 4:31 | Guard Tower |
| 4:32 | Guard Tower |
| 4:34 | Guard Tower |
| 4:37 | Scout Tower |
| 4:37 | Scout Tower |
| 5:08 | Advanced Masonry |
| 5:12 | Scout Tower |
| 5:13 | Scout Tower |
| 5:15 | Scout Tower |
| 5:15 | Scout Tower |
| 5:16 | Scout Tower |
| 5:51 | Blizzard |
| 6:01 | Guard Tower |
| 6:30 | Scout Tower |
| 6:31 | Scout Tower |
| 6:32 | Scout Tower |
| 6:34 | Guard Tower |
| 6:35 | Imbued Masonry |
| 6:36 | Guard Tower |
| 6:36 | Guard Tower |
| 6:38 | Scout Tower |
| 6:39 | Scout Tower |
| 6:39 | Scout Tower |
| 6:41 | Scout Tower |
| 6:41 | Scout Tower |
| 6:42 | Scout Tower |
| 6:42 | Scout Tower |
| 6:56 | Guard Tower |
| 6:58 | Scout Tower |
| 7:01 | Arcane Tower |
| 7:03 | Scout Tower |
| 7:04 | Storm Bolt |
| 7:18 | Guard Tower |
| 7:18 | Guard Tower |
| 7:22 | Scout Tower |
| 7:22 | Scout Tower |
| 7:49 | Boots of Speed |
| 7:49 | Staff of Teleportation |
| 7:50 | Staff of Teleportation |
| 7:50 | Staff of Teleportation |
| 8:22 | Town Hall |
| 8:30 | Scroll of Regeneration |
| 8:38 | Guard Tower |
| 8:46 | Guard Tower |
| 8:52 | Guard Tower |
| 9:14 | Arcane Sanctum |
| 9:18 | Arcane Vault |
| 9:24 | Guard Tower |
| 9:48 | Guard Tower |
| 9:48 | Guard Tower |
| 9:53 | Arcane Vault |
| 10:30 | Magic Sentry |
| 10:31 | Priest |
| 10:34 | Peasant |
| 10:38 | Scout Tower |
| 10:39 | Scout Tower |
| 10:40 | Scout Tower |
| 10:41 | Scout Tower |
| 10:41 | Scout Tower |
| 10:42 | Scout Tower |
| 10:43 | Scout Tower |
| 10:43 | Scout Tower |
| 10:46 | Scroll of Regeneration |
| 11:01 | Peasant |
| 11:03 | Scout Tower |
| 11:07 | Castle |
| 11:09 | Peasant |
| 11:09 | Peasant |
| 11:13 | Arcane Vault |
| 11:15 | Peasant |
| 11:29 | Scout Tower |
| 11:31 | Scout Tower |
| 11:32 | Scout Tower |
| 11:33 | Scout Tower |
| 11:33 | Scout Tower |
| 11:35 | Guard Tower |
| 11:36 | Scout Tower |
| 11:38 | Scout Tower |
| 11:38 | Scout Tower |
| 11:40 | Scout Tower |
| 11:40 | Scout Tower |
| 11:55 | Arcane Tower |
| 11:56 | Scout Tower |
| 11:58 | Scout Tower |
| 12:31 | Brilliance Aura |
| 12:41 | Guard Tower |
| 12:46 | Scout Tower |
| 12:46 | Scout Tower |
| 12:47 | Scout Tower |
| 12:48 | Arcane Tower |
| 12:52 | Guard Tower |
| 13:05 | Gryphon Aviary |
| 13:09 | Blacksmith |
| 13:37 | Arcane Tower |
| 13:45 | Barracks |
| 13:46 | Arcane Tower |
| 13:47 | Guard Tower |
| 13:55 | Scout Tower |
| 13:56 | Scout Tower |
| 13:56 | Scout Tower |
| 13:56 | Scout Tower |
| 14:06 | Potion of Healing |
| 14:17 | Orb of Corruption |
| 14:20 | Potion of Healing |
| 14:21 | Potion of Mana |
| 14:23 | Guard Tower |
| 14:27 | Dragonhawk Rider |
| 14:29 | Farm |
| 14:31 | Iron Forged Swords |
| 14:41 | Arcane Tower |
| 14:41 | Arcane Tower |
| 15:01 | Dragonhawk Rider |
| 15:02 | Dragonhawk Rider |
| 15:04 | Bash |
| 15:20 | Guard Tower |
| 15:23 | Scout Tower |
| 15:24 | Scout Tower |
| 15:24 | Scout Tower |
| 15:41 | Holy Light |
| 16:04 | Animal War Training |
| 16:11 | Boots of Speed |
| 16:13 | Periapt of Vitality |
| 16:13 | Circlet of Nobility |
| 16:21 | Dragonhawk Rider |
| 16:21 | Dragonhawk Rider |
| 16:45 | Staff of Sanctuary |
| 17:07 | Orb of Corruption |
| 17:36 | Storm Bolt |
| 17:56 | Dragonhawk Rider |
| 18:06 | Divine Shield |
| 18:20 | Scout Tower |
| 18:21 | Scout Tower |
| 18:21 | Scout Tower |
| 18:29 | Dragonhawk Rider |
| 18:31 | Steel Forged Swords |
| 18:31 | Studded Leather Armor |
| 18:42 | Mithril Forged Swords |
| 19:10 | Staff of Teleportation |
| 19:20 | Staff of Sanctuary |
| 19:28 | Staff of Sanctuary |
| 19:48 | Guard Tower |
| 19:50 | Scout Tower |
| 20:01 | Scout Tower |
| 20:01 | Scout Tower |
| 20:02 | Scout Tower |
| 20:02 | Scout Tower |
| 20:19 | Scout Tower |
| 20:21 | Scout Tower |
| 20:22 | Guard Tower |
| 21:01 | Bash |
| 21:56 | Guard Tower |
| 22:07 | Holy Light |
| 22:22 | Scout Tower |
| 22:23 | Scout Tower |
| 22:23 | Scout Tower |
| 22:23 | Scout Tower |
| 22:24 | Scout Tower |
| 22:24 | Scout Tower |
| 22:24 | Scout Tower |
| 22:25 | Scout Tower |
| 22:51 | Blizzard |
| 22:53 | Guard Tower |
| 22:57 | Guard Tower |
| 23:18 | Guard Tower |
| 24:03 | Guard Tower |
| 24:34 | Arcane Tower |
| 24:44 | Scout Tower |
| 24:44 | Scout Tower |
| 24:52 | Scout Tower |
| 24:52 | Scout Tower |
| 24:53 | Scout Tower |
| 24:53 | Scout Tower |
| 24:54 | Scout Tower |
| 24:54 | Scout Tower |
| 24:54 | Scout Tower |
| 24:55 | Scout Tower |
| 24:55 | Scout Tower |
| 24:56 | Scout Tower |
| 24:56 | Scout Tower |
| 24:56 | Scout Tower |
| 24:57 | Scout Tower |
| 24:57 | Scout Tower |
| 26:09 | Arcane Tower |
| 26:09 | Arcane Tower |
| 26:10 | Guard Tower |
| 27:17 | Mass Teleport |
| Right click | 2718 |
| Select | 762 |
| Select group | 609 |
| Build/train/purchase | 204 |
| Use ability | 114 |
| Chat | 58 |
| Misc. action | 27 |
| Assign group | 21 |
| Item give/drop | 8 |
| Minimap ping | 4 |
| Remove unit | 3 |



| Scroll of Regeneration | 3 | 300 |
| Staff of Sanctuary | 3 | 750 |
| Staff of Teleportation | 3 | 450 |
| Boots of Speed | 3 | 750 |
| Periapt of Vitality | 2 | 650 |
| Circlet of Nobility | 1 | 175 |
| Orb of Corruption | 1 | 375 |
| total: | 16 | 3450g |
| Peasant | 27 | 2025 | / | 0 |
| Priest | 1 | 135 | / | 10 |
| total: | 28 | 2160g | / | 10w |
| Scout Tower | 70 | 2100 | / | 1400 |
| Guard Tower | 42 | 2940 | / | 2100 |
| Arcane Tower | 2 | 140 | / | 100 |
| Altar of Kings | 1 | 180 | / | 50 |
| Farm | 4 | 320 | / | 80 |
| Lumber Mill | 1 | 120 | / | 0 |
| Arcane Vault | 2 | 260 | / | 60 |
| Town Hall | 1 | 385 | / | 205 |
| Barracks | 1 | 160 | / | 60 |
| Blacksmith | 1 | 140 | / | 60 |
| Arcane Sanctum | 1 | 150 | / | 140 |
| Keep | 1 | 320 | / | 210 |
| Castle | 2 | 720 | / | 420 |
| total: | 82 | 3815g | / | 2055w |
| 0:01 | Peasant |
| 0:03 | Altar of Kings |
| 0:10 | Peasant |
| 0:17 | Farm |
| 0:19 | Peasant |
| 0:28 | Peasant |
| 0:34 | Peasant |
| 0:53 | Lumber Mill |
| 0:56 | Peasant |
| 1:10 | Farm |
| 1:18 | Peasant |
| 1:43 | Scout Tower |
| 1:44 | Peasant |
| 1:54 | Peasant |
| 2:03 | Scout Tower |
| 2:14 | Blizzard |
| 2:17 | Peasant |
| 2:19 | Guard Tower |
| 2:35 | Arcane Tower |
| 2:36 | Peasant |
| 3:02 | Peasant |
| 3:02 | Peasant |
| 3:17 | Peasant |
| 3:19 | Scout Tower |
| 3:33 | Peasant |
| 4:02 | Peasant |
| 4:02 | Peasant |
| 4:03 | Guard Tower |
| 4:39 | Brilliance Aura |
| 4:50 | Scout Tower |
| 4:50 | Scout Tower |
| 4:51 | Scout Tower |
| 4:51 | Scout Tower |
| 5:19 | Arcane Vault |
| 5:21 | Scout Tower |
| 5:22 | Scout Tower |
| 5:22 | Scout Tower |
| 5:24 | Peasant |
| 5:25 | Farm |
| 5:28 | Improved Masonry |
| 6:21 | Guard Tower |
| 6:22 | Peasant |
| 6:22 | Peasant |
| 7:01 | Keep |
| 7:05 | Scout Tower |
| 7:07 | Scout Tower |
| 7:07 | Scout Tower |
| 7:08 | Scout Tower |
| 7:11 | Scout Tower |
| 7:11 | Scout Tower |
| 7:14 | Town Hall |
| 7:19 | Scroll of Regeneration |
| 7:30 | Farm |
| 7:55 | Guard Tower |
| 7:56 | Scout Tower |
| 7:57 | Scout Tower |
| 8:00 | Scout Tower |
| 8:01 | Scout Tower |
| 8:01 | Scout Tower |
| 8:02 | Scout Tower |
| 8:09 | Scout Tower |
| 8:10 | Scout Tower |
| 8:10 | Scout Tower |
| 8:11 | Scout Tower |
| 8:12 | Guard Tower |
| 8:17 | Staff of Teleportation |
| 8:17 | Boots of Speed |
| 8:23 | Guard Tower |
| 8:23 | Guard Tower |
| 8:26 | Scout Tower |
| 8:27 | Scout Tower |
| 8:27 | Scout Tower |
| 8:32 | Scout Tower |
| 8:32 | Scout Tower |
| 8:33 | Scout Tower |
| 8:33 | Scout Tower |
| 8:34 | Scout Tower |
| 8:35 | Scout Tower |
| 8:36 | Scout Tower |
| 8:39 | Scout Tower |
| 8:39 | Scout Tower |
| 8:40 | Scout Tower |
| 8:40 | Scout Tower |
| 8:41 | Scout Tower |
| 8:42 | Scout Tower |
| 8:43 | Scout Tower |
| 8:48 | Guard Tower |
| 8:59 | Guard Tower |
| 9:01 | Guard Tower |
| 9:19 | Guard Tower |
| 9:44 | Castle |
| 9:44 | Guard Tower |
| 10:13 | Guard Tower |
| 10:30 | Scout Tower |
| 10:31 | Scout Tower |
| 10:32 | Scout Tower |
| 10:33 | Scout Tower |
| 10:34 | Scout Tower |
| 10:37 | Scout Tower |
| 10:37 | Scout Tower |
| 10:44 | Advanced Masonry |
| 10:47 | Peasant |
| 10:47 | Peasant |
| 10:53 | Arcane Sanctum |
| 11:02 | Guard Tower |
| 11:05 | Scout Tower |
| 11:05 | Scout Tower |
| 11:07 | Scout Tower |
| 11:08 | Scout Tower |
| 11:18 | Peasant |
| 11:31 | Guard Tower |
| 11:53 | Guard Tower |
| 12:01 | Scout Tower |
| 12:28 | Guard Tower |
| 12:30 | Scout Tower |
| 12:31 | Scout Tower |
| 12:36 | Magic Sentry |
| 12:39 | Arcane Vault |
| 12:41 | Staff of Sanctuary |
| 12:43 | Storm Bolt |
| 12:47 | Peasant |
| 12:48 | Guard Tower |
| 12:55 | Imbued Masonry |
| 12:55 | Improved Lumber Harvesting |
| 12:56 | Peasant |
| 13:04 | Peasant |
| 13:05 | Guard Tower |
| 13:30 | Guard Tower |
| 13:34 | Scout Tower |
| 13:34 | Scout Tower |
| 13:35 | Scout Tower |
| 13:39 | Guard Tower |
| 13:52 | Scout Tower |
| 13:59 | Scout Tower |
| 14:03 | Scroll of Regeneration |
| 14:15 | Guard Tower |
| 14:33 | Priest |
| 14:41 | Guard Tower |
| 14:43 | Scout Tower |
| 14:43 | Scout Tower |
| 14:54 | Scout Tower |
| 14:54 | Scout Tower |
| 15:26 | Holy Light |
| 15:52 | Guard Tower |
| 15:59 | Staff of Sanctuary |
| 16:08 | Scout Tower |
| 16:14 | Scout Tower |
| 16:14 | Scout Tower |
| 17:03 | Guard Tower |
| 17:30 | Blizzard |
| 17:57 | Scroll of Regeneration |
| 18:18 | Staff of Sanctuary |
| 18:27 | Scout Tower |
| 18:32 | Peasant |
| 18:37 | Barracks |
| 18:39 | Blacksmith |
| 19:22 | Guard Tower |
| 19:34 | Advanced Lumber Harvesting |
| 20:07 | Boots of Speed |
| 20:09 | Boots of Speed |
| 20:10 | Periapt of Vitality |
| 20:12 | Circlet of Nobility |
| 20:51 | Staff of Teleportation |
| 21:21 | Orb of Corruption |
| 21:26 | Divine Shield |
| 22:06 | Staff of Teleportation |
| 22:11 | Periapt of Vitality |
| 23:16 | Brilliance Aura |
| 25:01 | Bash |
| Right click | 2055 |
| Select | 1074 |
| Select group | 245 |
| Assign group | 192 |
| Build/train/purchase | 166 |
| Use ability | 107 |
| Misc. action | 19 |
| Resource trade | 14 |
| Minimap ping | 10 |
| Chat | 4 |
| Item give/drop | 2 |
| Remove unit | 2 |



| Rod of Necromancy | 1 | 150 |
| Ritual Dagger | 1 | 125 |
| Sacrificial Skull | 1 | 50 |
| Lesser Clarity Potion | 4 | 280 |
| Orb of Corruption | 2 | 750 |
| Potion of Healing | 1 | 150 |
| Potion of Mana | 1 | 200 |
| Boots of Speed | 3 | 750 |
| Staff of Teleportation | 3 | 450 |
| Scroll of Regeneration | 4 | 400 |
| Staff of Sanctuary | 2 | 500 |
| total: | 23 | 3805g |
| Acolyte | 7 | 525 | / | 0 |
| Ghoul | 11 | 1320 | / | 0 |
| Obsidian Statue | 7 | 1400 | / | 245 |
| total: | 25 | 3245g | / | 245w |
| Nerubian Tower | 5 | 500 | / | 100 |
| Spirit Tower | 1 | 145 | / | 40 |
| Crypt | 2 | 400 | / | 100 |
| Ziggurat | 8 | 1200 | / | 400 |
| Altar of Darkness | 2 | 360 | / | 100 |
| Tomb of Relics | 2 | 260 | / | 60 |
| Graveyard | 1 | 215 | / | 0 |
| Slaughterhouse | 1 | 140 | / | 135 |
| Halls of the Dead | 1 | 320 | / | 210 |
| Black Citadel | 1 | 325 | / | 230 |
| total: | 16 | 2575g | / | 795w |
| 0:01 | Acolyte |
| 0:07 | Crypt |
| 0:10 | Crypt |
| 0:12 | Acolyte |
| 0:16 | Ziggurat |
| 0:51 | Altar of Darkness |
| 1:03 | Tomb of Relics |
| 1:10 | Ghoul |
| 1:27 | Ziggurat |
| 1:31 | Ghoul |
| 1:38 | Ghoul |
| 1:56 | Nerubian Tower |
| 2:00 | Ghoul |
| 2:25 | Ghoul |
| 2:35 | Ghoul |
| 2:53 | Death Coil |
| 2:55 | Rod of Necromancy |
| 2:56 | Ritual Dagger |
| 2:56 | Sacrificial Skull |
| 3:08 | Ghoul |
| 3:37 | Graveyard |
| 4:28 | Halls of the Dead |
| 4:37 | Ghoul |
| 4:57 | Ghoul |
| 5:21 | Boots of Speed |
| 5:26 | Staff of Teleportation |
| 6:17 | Scroll of Regeneration |
| 6:21 | Lesser Clarity Potion |
| 6:50 | Ziggurat |
| 8:17 | Black Citadel |
| 8:40 | Unholy Aura |
| 8:56 | Frost Nova |
| 10:33 | Nerubian Tower |
| 10:36 | Tomb of Relics |
| 11:06 | Boots of Speed |
| 11:16 | Ghoul |
| 11:29 | Ghoul |
| 11:31 | Frost Armor |
| 11:45 | Staff of Teleportation |
| 12:36 | Slaughterhouse |
| 12:52 | Scroll of Regeneration |
| 12:56 | Lesser Clarity Potion |
| 12:58 | Lesser Clarity Potion |
| 13:28 | Carrion Swarm |
| 14:07 | Acolyte |
| 14:30 | Spirit Tower |
| 14:38 | Obsidian Statue |
| 14:38 | Obsidian Statue |
| 14:41 | Orb of Corruption |
| 14:54 | Acolyte |
| 14:54 | Acolyte |
| 14:54 | Acolyte |
| 14:55 | Acolyte |
| 15:00 | Boots of Speed |
| 15:03 | Staff of Teleportation |
| 15:07 | Death Coil |
| 18:02 | Scroll of Regeneration |
| 18:02 | Lesser Clarity Potion |
| 18:28 | Ziggurat |
| 18:50 | Obsidian Statue |
| 19:10 | Orb of Corruption |
| 19:12 | Staff of Sanctuary |
| 20:15 | Scroll of Regeneration |
| 20:33 | Frost Nova |
| 20:48 | Staff of Sanctuary |
| 21:18 | Obsidian Statue |
| 21:19 | Obsidian Statue |
| 21:19 | Obsidian Statue |
| 22:09 | Ziggurat |
| 22:24 | Vampiric Aura |
| 22:52 | Altar of Darkness |
| 22:55 | Potion of Healing |
| 22:57 | Potion of Mana |
| 23:14 | Ziggurat |
| 23:15 | Nerubian Tower |
| 23:33 | Unholy Aura |
| 24:17 | Ziggurat |
| 24:18 | Nerubian Tower |
| 24:20 | Ziggurat |
| 24:23 | Nerubian Tower |
| 24:44 | Obsidian Statue |
| 27:02 | Frost Armor |
| Right click | 2286 |
| Select group | 690 |
| Assign group | 389 |
| Select | 329 |
| Build/train/purchase | 119 |
| Use ability | 101 |
| Resource trade | 85 |
| Chat | 51 |
| Misc. action | 15 |
| Item give/drop | 10 |
| Minimap ping | 2 |
173 units @ 24.8k
/ 5.2k
57 buildings @ 8.8k
/ 3.9k

| Scroll of Town Portal | 1 | 350 |
| total: | 1 | 350g |
| Wisp | 23 | 1380 | / | 0 |
| Archer | 9 | 1170 | / | 90 |
| Dryad | 9 | 1305 | / | 540 |
| Druid of the Claw | 6 | 1530 | / | 480 |
| Glaive Thrower | 16 | 3360 | / | 1040 |
| total: | 63 | 8745g | / | 2150w |
| Altar of Elders | 1 | 180 | / | 50 |
| Moon Well | 6 | 1080 | / | 240 |
| Ancient of War | 1 | 150 | / | 60 |
| Hunter's Hall | 1 | 210 | / | 100 |
| Ancient of Wonders | 1 | 90 | / | 30 |
| Tree of Life | 1 | 340 | / | 185 |
| Ancient of Lore | 2 | 310 | / | 290 |
| Tree of Ages | 2 | 640 | / | 360 |
| Tree of Eternity | 1 | 330 | / | 200 |
| total: | 13 | 2360g | / | 955w |
| 0:03 | Wisp |
| 0:03 | Wisp |
| 0:19 | Altar of Elders |
| 0:27 | Wisp |
| 0:32 | Moon Well |
| 0:36 | Wisp |
| 0:47 | Ancient of War |
| 0:49 | Wisp |
| 0:49 | Wisp |
| 1:01 | Wisp |
| 1:01 | Wisp |
| 1:01 | Wisp |
| 1:01 | Wisp |
| 1:42 | Moon Well |
| 1:47 | Archer |
| 2:03 | Archer |
| 2:13 | Hunter's Hall |
| 2:25 | Searing Arrows |
| 2:31 | Archer |
| 2:41 | Wisp |
| 2:54 | Wisp |
| 2:57 | Ancient of Wonders |
| 3:04 | Archer |
| 3:07 | Moon Well |
| 3:42 | Archer |
| 3:43 | Tree of Ages |
| 3:52 | Archer |
| 4:08 | Archer |
| 4:34 | Archer |
| 5:03 | Archer |
| 5:04 | Trueshot Aura |
| 5:26 | Moon Well |
| 6:05 | Ancient of Lore |
| 6:08 | Ancient of Lore |
| 6:25 | Tree of Eternity |
| 6:28 | Strength of the Wild |
| 6:42 | Searing Arrows |
| 7:29 | Dryad |
| 7:30 | Abolish Magic |
| 7:40 | Reinforced Hides |
| 7:41 | Dryad |
| 8:09 | Druid of the Claw |
| 8:11 | Druid of the Claw Adept Training |
| 8:43 | Improved Reinforced Hides |
| 9:04 | Moon Well |
| 9:07 | Moon Well |
| 9:15 | Trueshot Aura |
| 9:32 | Wisp |
| 9:32 | Wisp |
| 10:00 | Tree of Life |
| 10:14 | Druid of the Claw Master Training |
| 10:16 | Wisp |
| 10:16 | Wisp |
| 10:59 | Wisp |
| 10:59 | Wisp |
| 10:59 | Wisp |
| 10:59 | Wisp |
| 10:59 | Wisp |
| 11:02 | Druid of the Claw |
| 11:16 | Mark of the Claw |
| 11:32 | Glaive Thrower |
| 11:32 | Glaive Thrower |
| 12:01 | Vorpal Blades |
| 12:04 | Glaive Thrower |
| 12:09 | Wisp |
| 12:09 | Wisp |
| 13:36 | Glaive Thrower |
| 13:36 | Glaive Thrower |
| 13:39 | Improved Strength of the Wild |
| 14:48 | Glaive Thrower |
| 16:01 | Glaive Thrower |
| 16:02 | Glaive Thrower |
| 16:03 | Strength of the Moon |
| 16:16 | Druid of the Claw |
| 17:40 | Glaive Thrower |
| 18:44 | Glaive Thrower |
| 18:45 | Dryad |
| 18:46 | Dryad |
| 19:37 | Glaive Thrower |
| 19:38 | Druid of the Claw |
| 19:40 | Advanced Reinforced Hides |
| 20:34 | Scroll of Town Portal |
| 21:54 | Glaive Thrower |
| 21:54 | Glaive Thrower |
| 22:05 | Trueshot Aura |
| 23:02 | Glaive Thrower |
| 23:03 | Dryad |
| 23:03 | Dryad |
| 24:01 | Dryad |
| 24:03 | Glaive Thrower |
| 24:39 | Glaive Thrower |
| 24:40 | Improved Strength of the Moon |
| 25:50 | Druid of the Claw |
| 25:50 | Druid of the Claw |
| 26:53 | Dryad |
| 26:53 | Dryad |
| Right click | 1215 |
| Select group | 775 |
| Select | 565 |
| Misc. action | 377 |
| Build/train/purchase | 120 |
| Assign group | 53 |
| Use ability | 26 |
| Minimap ping | 9 |
| Esc | 4 |
| Resource trade | 4 |
| Item give/drop | 2 |
| Remove unit | 1 |



| Potion of Healing | 6 | 900 |
| Scroll of Town Portal | 4 | 1400 |
| total: | 10 | 2300g |
| Peasant | 20 | 1500 | / | 0 |
| Footman | 2 | 270 | / | 0 |
| Rifleman | 4 | 820 | / | 120 |
| Gryphon Rider | 16 | 4480 | / | 1120 |
| Mortar Team | 6 | 1080 | / | 420 |
| total: | 48 | 8150g | / | 1660w |
| Scout Tower | 4 | 120 | / | 80 |
| Guard Tower | 2 | 140 | / | 100 |
| Arcane Tower | 2 | 140 | / | 100 |
| Farm | 10 | 800 | / | 200 |
| Altar of Kings | 1 | 180 | / | 50 |
| Barracks | 1 | 160 | / | 60 |
| Blacksmith | 1 | 140 | / | 60 |
| Lumber Mill | 1 | 120 | / | 0 |
| Town Hall | 3 | 1155 | / | 615 |
| Arcane Vault | 1 | 130 | / | 30 |
| Gryphon Aviary | 2 | 280 | / | 300 |
| Workshop | 1 | 140 | / | 140 |
| Keep | 1 | 320 | / | 210 |
| Castle | 2 | 720 | / | 420 |
| total: | 25 | 3225g | / | 1535w |
| 0:04 | Peasant |
| 0:04 | Peasant |
| 0:08 | Farm |
| 0:12 | Altar of Kings |
| 0:17 | Peasant |
| 0:21 | Farm |
| 0:26 | Barracks |
| 0:33 | Peasant |
| 0:42 | Peasant |
| 0:57 | Peasant |
| 1:12 | Peasant |
| 1:32 | Footman |
| 1:38 | Farm |
| 1:42 | Peasant |
| 1:49 | Footman |
| 2:00 | Blacksmith |
| 2:10 | Peasant |
| 2:17 | Farm |
| 2:21 | Summon Water Elemental |
| 2:56 | Lumber Mill |
| 3:18 | Keep |
| 3:29 | Rifleman |
| 3:56 | Brilliance Aura |
| 4:34 | Rifleman |
| 4:42 | Scout Tower |
| 4:54 | Scout Tower |
| 5:01 | Rifleman |
| 5:21 | Farm |
| 5:29 | Rifleman |
| 5:31 | Guard Tower |
| 5:44 | Arcane Tower |
| 6:16 | Summon Water Elemental |
| 6:26 | Farm |
| 6:33 | Town Hall |
| 6:38 | Scout Tower |
| 6:40 | Scout Tower |
| 7:02 | Holy Light |
| 7:10 | Castle |
| 7:50 | Arcane Tower |
| 7:52 | Guard Tower |
| 8:32 | Peasant |
| 8:32 | Peasant |
| 8:42 | Divine Shield |
| 9:52 | Animal War Training |
| 9:55 | Peasant |
| 9:55 | Peasant |
| 9:56 | Peasant |
| 10:00 | Gryphon Aviary |
| 10:28 | Improved Lumber Harvesting |
| 10:33 | Peasant |
| 10:33 | Peasant |
| 10:44 | Gryphon Aviary |
| 10:52 | Farm |
| 10:54 | Farm |
| 10:55 | Studded Leather Armor |
| 10:56 | Iron Forged Swords |
| 11:07 | Brilliance Aura |
| 11:13 | Arcane Vault |
| 11:23 | Storm Bolt |
| 11:26 | Storm Hammers |
| 12:08 | Gryphon Rider |
| 12:11 | Gryphon Rider |
| 12:16 | Farm |
| 12:20 | Farm |
| 12:22 | Reinforced Leather Armor |
| 12:24 | Scroll of Town Portal |
| 12:25 | Potion of Healing |
| 12:27 | Potion of Healing |
| 12:30 | Scroll of Town Portal |
| 13:00 | Gryphon Rider |
| 13:17 | Town Hall |
| 13:27 | Gryphon Rider |
| 14:15 | Gryphon Rider |
| 14:37 | Gryphon Rider |
| 14:39 | Advanced Lumber Harvesting |
| 14:51 | Gryphon Rider |
| 15:03 | Steel Forged Swords |
| 15:19 | Gryphon Rider |
| 16:07 | Gryphon Rider |
| 16:18 | Holy Light |
| 17:25 | Gryphon Rider |
| 18:08 | Gryphon Rider |
| 18:17 | Peasant |
| 18:17 | Peasant |
| 18:17 | Peasant |
| 18:18 | Peasant |
| 18:35 | Gryphon Rider |
| 18:38 | Dragonhide Armor |
| 18:54 | Workshop |
| 19:40 | Gryphon Rider |
| 19:50 | Potion of Healing |
| 19:51 | Scroll of Town Portal |
| 19:52 | Potion of Healing |
| 20:48 | Mortar Team |
| 20:48 | Mortar Team |
| 20:52 | Summon Water Elemental |
| 21:43 | Town Hall |
| 21:47 | Mortar Team |
| 22:00 | Bash |
| 22:12 | Gryphon Rider |
| 22:17 | Mortar Team |
| 24:06 | Gryphon Rider |
| 24:07 | Gryphon Rider |
| 24:29 | Mortar Team |
| 24:29 | Mortar Team |
| 26:48 | Potion of Healing |
| 26:48 | Potion of Healing |
| 26:48 | Scroll of Town Portal |
| Right click | 1075 |
| Select | 501 |
| Build/train/purchase | 151 |
| Select group | 81 |
| Use ability | 38 |
| Chat | 30 |
| Minimap ping | 25 |
| Assign group | 10 |
| Misc. action | 9 |
| Remove unit | 4 |
| Item give/drop | 3 |


| Wisp | 30 | 1800 | / | 0 |
| Archer | 12 | 1560 | / | 120 |
| Druid of the Talon | 4 | 580 | / | 80 |
| Glaive Thrower | 9 | 1890 | / | 585 |
| Dryad | 2 | 290 | / | 120 |
| Mountain Giant | 5 | 1750 | / | 500 |
| total: | 62 | 7870g | / | 1405w |
| Ancient Protector | 4 | 540 | / | 320 |
| Moon Well | 7 | 1260 | / | 280 |
| Altar of Elders | 1 | 180 | / | 50 |
| Ancient of War | 1 | 150 | / | 60 |
| Hunter's Hall | 1 | 210 | / | 100 |
| Tree of Life | 1 | 340 | / | 185 |
| Ancient of Wonders | 1 | 90 | / | 30 |
| Ancient of Wind | 1 | 150 | / | 140 |
| Ancient of Lore | 2 | 310 | / | 290 |
| Tree of Ages | 1 | 320 | / | 180 |
| Tree of Eternity | 1 | 330 | / | 200 |
| total: | 19 | 3230g | / | 1455w |
| 0:05 | Wisp |
| 0:05 | Wisp |
| 0:12 | Moon Well |
| 0:19 | Altar of Elders |
| 0:25 | Wisp |
| 0:33 | Wisp |
| 0:37 | Wisp |
| 0:48 | Wisp |
| 1:01 | Wisp |
| 1:04 | Ancient of War |
| 1:12 | Wisp |
| 1:13 | Wisp |
| 1:36 | Moon Well |
| 1:41 | Wisp |
| 1:58 | Wisp |
| 2:06 | Archer |
| 2:29 | Fan of Knives |
| 2:41 | Archer |
| 3:02 | Archer |
| 3:04 | Tree of Ages |
| 3:09 | Hunter's Hall |
| 3:24 | Moon Well |
| 3:46 | Blink |
| 3:50 | Archer |
| 4:04 | Archer |
| 4:28 | Archer |
| 4:49 | Moon Well |
| 5:29 | Archer |
| 5:55 | Fan of Knives |
| 6:15 | Archer |
| 6:15 | Archer |
| 6:31 | Ancient of Wind |
| 6:34 | Wisp |
| 6:35 | Wisp |
| 6:47 | Strength of the Moon |
| 6:51 | Improved Bows |
| 7:06 | Archer |
| 8:01 | Druid of the Talon |
| 8:02 | Druid of the Talon |
| 8:09 | Archer |
| 8:13 | Ancient of Lore |
| 8:16 | Wisp |
| 8:16 | Wisp |
| 9:00 | Tree of Life |
| 9:15 | Druid of the Talon Adept Training |
| 9:17 | Improved Strength of the Moon |
| 9:19 | Archer |
| 10:16 | Breath of Fire |
| 10:44 | Glaive Thrower |
| 10:45 | Glaive Thrower |
| 10:51 | Dryad |
| 10:52 | Dryad |
| 11:40 | Wisp |
| 11:40 | Wisp |
| 11:40 | Wisp |
| 11:40 | Wisp |
| 11:41 | Wisp |
| 12:50 | Vorpal Blades |
| 12:51 | Glaive Thrower |
| 14:31 | Glaive Thrower |
| 15:12 | Wisp |
| 15:13 | Wisp |
| 16:50 | Ancient of Lore |
| 16:56 | Ancient of Wonders |
| 16:59 | Wisp |
| 16:59 | Wisp |
| 16:59 | Wisp |
| 17:04 | Moon Well |
| 17:05 | Moon Well |
| 17:06 | Moon Well |
| 17:34 | Drunken Brawler |
| 17:41 | Druid of the Talon |
| 17:41 | Druid of the Talon |
| 17:44 | Reinforced Hides |
| 17:44 | Strength of the Wild |
| 18:12 | Mountain Giant |
| 18:42 | Glaive Thrower |
| 18:49 | Tree of Eternity |
| 18:54 | Improved Reinforced Hides |
| 19:43 | Mountain Giant |
| 19:46 | Glaive Thrower |
| 19:48 | Improved Strength of the Wild |
| 20:23 | Ancient Protector |
| 20:26 | Ancient Protector |
| 20:28 | Ancient Protector |
| 20:31 | Ancient Protector |
| 20:35 | Wisp |
| 20:35 | Wisp |
| 20:35 | Wisp |
| 20:36 | Wisp |
| 20:37 | Wisp |
| 20:53 | Mountain Giant |
| 23:05 | Glaive Thrower |
| 23:05 | Glaive Thrower |
| 23:09 | Hardened Skin |
| 23:09 | Resistant Skin |
| 23:13 | Advanced Strength of the Moon |
| 23:14 | Advanced Reinforced Hides |
| 23:59 | Glaive Thrower |
| 24:39 | Mountain Giant |
| 25:25 | Mountain Giant |
| Right click | 838 |
| Select | 317 |
| Build/train/purchase | 132 |
| Select group | 68 |
| Assign group | 32 |
| Use ability | 25 |
| Misc. action | 16 |
| Resource trade | 6 |
| Minimap ping | 3 |
| Remove unit | 1 |
⇛